[Event "AUT 2nd BL Ost 2021-22"]
[Site "Austria"]
[Date "2022.04.04"]
[Round "11.22"]
[White "Petran, Peter"]
[Black "Hechl, Fabian"]
[Result "1/2-1/2"]
[ECO "A20"]
[WhiteElo "2240"]
[BlackElo "2023"]
[Annotator "ChessBase"]
[PlyCount "67"]
[EventDate "2022.04.01"]
[EventType "team-tourn"]
[EventCountry "AUT"]
[SourceTitle "playchess.com"]
[Source "ChessBase"]
[SourceQuality "1"]
[TimeControl "40/5400+30:1800+30"]

1. g3 e5 2. c4 h5 3. h3 c6 4. d4 e4 5. d5 cxd5 6. cxd5 Bb4+ 7. Bd2 Qe7 8. a3 Bxd2+ 9. Qxd2 d6 10. Nc3 Nd7 11. Qe3 Ngf6 12. Bg2 O-O 13. Nxe4 Nxd5 14. Qd4 N7b6 15. Nd2 Be6 16. Ngf3 Rac8 17. O-O Rc7 18. Rfd1 Rfc8 19. b3 Nc3 20. Re1 Bxb3 21. Nxb3 Nxe2+ 22. Rxe2 Qxe2 23. Nbd2 Rc1+ 24. Rxc1 Rxc1+ 25. Kh2 d5 26. a4 Rd1 27. Qc5 Nc4 28. Qc8+ Kh7 29. Qf5+ Kg8 30. Nxc4 dxc4 31. Ne5 f6 32. Qe6+ Kh7 33. Qf5+ Kg8 34. Nf3 1/2-1/2

[Event "AUT 2nd BL Ost 2021-22"]
[Site "Austria"]
[Date "2022.04.04"]
[Round "11.23"]
[White "Froewis, Annika"]
[Black "Salamon, Werner"]
[Result "1/2-1/2"]
[ECO "C50"]
[WhiteElo "2065"]
[BlackElo "2120"]
[Annotator "ChessBase"]
[PlyCount "76"]
[EventDate "2022.04.01"]
[EventType "team-tourn"]
[EventCountry "AUT"]
[SourceTitle "playchess.com"]
[Source "ChessBase"]
[SourceQuality "1"]
[TimeControl "40/5400+30:1800+30"]

1. e4 e5 2. Nf3 Nc6 3. d4 exd4 4. Bc4 d6 5. Nxd4 Nf6 6. Nc3 Be7 7. O-O O-O 8. h3 Nd7 9. Nd5 Bf6 10. Nb5 Nb6 11. Nbxc7 Rb8 12. Nxb6 Qxc7 13. Nd5 Qd8 14. a4 Re8 15. Re1 Be6 16. c3 Rc8 17. Ba2 Ne5 18. Be3 b6 19. a5 bxa5 20. Bxa7 Bxd5 21. Bxd5 Qc7 22. Bd4 Rb8 23. Ra2 Nd7 24. Qa4 Bxd4 25. cxd4 Nf6 26. Bc6 Rec8 27. d5 Rb4 28. Qc2 Qb6 29. Kh2 Rb8 30. Re2 h6 31. f3 Qd4 32. Rd2 Qe5+ 33. Kg1 Qg3 34. Rd1 Nh5 35. Bd7 Nf4 36. Qf2 Qxf2+ 37. Kxf2 Rxb2+ 38. Rd2 Nd3+ 1/2-1/2

[Event "AUT 2nd BL Ost 2021-22"]
[Site "Austria"]
[Date "2022.04.04"]
[Round "11.24"]
[White "Wiedner, Robert"]
[Black "Dotzer, Lukas"]
[Result "0-1"]
[ECO "E66"]
[WhiteElo "2114"]
[BlackElo "2072"]
[Annotator "ChessBase"]
[PlyCount "86"]
[EventDate "2022.04.01"]
[EventType "team-tourn"]
[EventCountry "AUT"]
[SourceTitle "playchess.com"]
[Source "ChessBase"]
[SourceQuality "1"]
[TimeControl "40/5400+30:1800+30"]

1. c4 Nf6 2. Nc3 g6 3. g3 Bg7 4. Bg2 O-O 5. Nf3 d6 6. d4 Nc6 7. d5 Na5 8. Qd3 c5 9. O-O a6 10. Nd2 Ng4 11. b3 b5 12. Bb2 Ne5 13. Qe4 bxc4 14. bxc4 Rb8 15. Nd1 Bf5 16. Qf4 e6 17. h4 h6 18. Bc3 g5 19. hxg5 hxg5 20. Qe3 Naxc4 21. Nxc4 Nxc4 22. Qc1 e5 23. e4 Bd7 24. Be1 Nb6 25. Bd2 g4 26. Rb1 f5 27. Re1 Qf6 28. Ba5 Na4 29. exf5 Bxf5 30. Be4 Bh6 31. Qc2 Bd7 32. Bd3 Rxb1 33. Qxb1 Rf7 34. Re4 Bg5 35. Qc2 c4 36. Rxc4 Nc5 37. Be2 Bf5 38. Qb2 Be4 39. Bxg4 Bxd5 40. Rc3 Qh6 41. Kf1 Qh1+ 42. Ke2 Qe4+ 43. Ne3 Bxe3 0-1